 Dungeon Crawl Stone Soup version 0.21-a0-538-gd16b88a (webtiles) character file.

189 polly the Charmwright (level 5, -7/43 HPs)
             Began as a Gnoll Skald on Dec 16, 2017.
             Splashed by Ijyb's acid (12 damage)
             ... on level 3 of the Dungeon.
             The game lasted 00:03:01 (2077 turns).

polly the Charmwright (Gnoll Skald)                 Turns: 2077, Time: 00:03:02

Health: -7/43      AC:  9    Str: 11 (14) XL:     5   Next: 68%
Magic:  12/12      EV:  6    Int: 12 (15) God:
Gold:   72         SH:  0    Dex: 14 (15) Spells: 8/14 levels left

rFire    . . .     SeeInvis .   a - +0 hand axe
rCold    . . .     Gourm    .   (no shield)
rNeg     . . .     Faith    .   p - +0 chain mail
rPois    .         Spirit   .   (no helmet)
rElec    .         Reflect  .   (no cloak)
rCorr    .         Harm     .   (no gloves)
MR       .....                  (no boots)
Stlth    ..........             (no amulet)
HPRegen  0.14/turn              (no ring)
MPRegen  0.13/turn              (no ring)

@: no status effects
A: distributed training, fangs 1, strong nose
a: no special abilities


You were on level 3 of the Dungeon.
You were near starving.

You visited 1 branch of the dungeon, and saw 3 of its levels.

You collected 72 gold pieces.

Inventory:

Hand Weapons
 a - a +0 hand axe (weapon)
Missiles
 o - 4 silver tomahawks (quivered)
Armour
 p - a +0 chain mail (worn)
Wands
 n - a wand of clouds (3)
Scrolls
 e - 2 scrolls of remove curse
 f - 2 scrolls of identify {unknown}
 h - 3 scrolls of teleportation {unknown}
 m - a scroll of enchant armour {unknown}
Potions
 i - a potion of curing
 l - a potion of brilliance
Books
 c - a book of Battle

   Spells                             Type                      Level
   a - Infusion                       Charms                       1
   b - Shroud of Golubria             Charms/Translocation         2
   c - Song of Slaying                Charms                       2
   d - Spectral Weapon                Hexes/Charms                 3
   e - Regeneration                   Charms/Necromancy            3
Comestibles
 d - a bread ration
 q - 3 fruits


   Skills:
 + Level 4.8 Fighting
 + Level 1.5 Short Blades
 + Level 1.5 Long Blades
 + Level 4.8 Axes
 + Level 1.5 Maces & Flails
 + Level 1.5 Polearms
 + Level 1.5 Staves
 + Level 1.5 Slings
 + Level 1.5 Bows
 + Level 1.5 Crossbows
 + Level 1.5 Throwing
 + Level 3.0 Armour
 + Level 4.8 Dodging
 + Level 1.5 Stealth
 + Level 1.5 Shields
 + Level 1.5 Unarmed Combat
 + Level 5.2 Spellcasting
 + Level 1.2 Conjurations
 + Level 1.2 Hexes
 + Level 5.5 Charms
 + Level 1.2 Summonings
 + Level 1.2 Necromancy
 + Level 1.2 Translocations
 + Level 1.2 Transmutations
 + Level 1.2 Fire Magic
 + Level 1.2 Ice Magic
 + Level 1.2 Air Magic
 + Level 1.2 Earth Magic
 + Level 1.2 Poison Magic
 + Level 1.7 Invocations
 + Level 1.5 Evocations


You had 8 spell levels left.
You knew the following spells:

 Your Spells              Type           Power        Failure   Level  Hunger
a - Infusion              Chrm           ###.         67%         1    None
b - Regeneration          Chrm/Necr      ##........   100%        3    ###....
c - Shroud of Golubria    Chrm/Tloc      ##........   98%         2    ##.....


Dungeon Overview and Level Annotations

Branches:
Dungeon (3/15)

Altars:
Gozag

Annotations:
D:3 Ijyb


Innate Abilities, Weirdness & Mutations

Your experience applies equally to all skills.
You have very sharp teeth.
Your uncanny sense of smell can sniff out nearby items.


Message History

It was a potion of agility.
You feel agile all of a sudden. Ijyb hits you but does no damage.
You hit Ijyb but do no damage. Ijyb hits you but does no damage.
It was a potion of degeneration.
There was something very wrong with that liquid.
You feel weakened.
You feel dopey.
You feel clumsy. Ijyb hits you but does no damage.
It was a potion of cancellation.
Your magical effects are unravelling.
You feel magically purged.
You feel a little less agile now. Ijyb hits you but does no damage.
You hit Ijyb but do no damage. Ijyb barely misses you.
You closely miss Ijyb. Ijyb hits you but does no damage.
You hit Ijyb but do no damage. You bite Ijyb, but do no damage.
Ijyb zaps a wand.
The bolt of acid hits you!
* * * LOW HITPOINT WARNING * * *
You are splashed with acid!
The acid burns!
You die...

#.#
#.#
#.#
#.#
#.#
#.#
#g#
#@#
#.#
#.#
#?#
#.#
#.#
#.#
#.#
#.#


You could see Ijyb.

Vanquished Creatures
  A scorpion (D:3)
  A crimson imp (D:3)
  A centaur skeleton (D:3)
  3 adders (D:2)
  An ooze (D:3)
  A leopard gecko (D:1)
  3 orcs (D:3)
  4 bats
  2 giant cockroaches (D:3)
  6 goblins
  8 hobgoblins
  2 quokkas
  3 frilled lizards
  3 kobolds (D:2)
  6 rats
45 creatures vanquished.

Vanquished Creatures (others)
  A fungus (D:3)
1 creature vanquished.

Grand Total: 46 creatures vanquished

Notes
Turn   | Place    | Note
-------+----------+-------------------------------------------
     0 | D:1      | polly the Gnoll Skald began the quest for the Orb.
     0 | D:1      | Reached XP level 1. HP: 20/20 MP: 6/6
   132 | D:1      | Reached XP level 2. HP: 22/26 MP: 7/7
   330 | D:1      | You fall through a shaft!
   538 | D:2      | Reached XP level 3. HP: 31/31 MP: 9/9
   561 | D:2      | Reached skill level 5 in Spellcasting
   826 | D:2      | Reached skill level 1 in Invocations
  1113 | D:2      | Reached skill level 1 in Short Blades
  1113 | D:2      | Reached skill level 1 in Long Blades
  1113 | D:2      | Reached skill level 1 in Maces & Flails
  1113 | D:2      | Reached skill level 1 in Polearms
  1113 | D:2      | Reached skill level 1 in Staves
  1113 | D:2      | Reached skill level 1 in Slings
  1113 | D:2      | Reached skill level 1 in Bows
  1113 | D:2      | Reached skill level 1 in Crossbows
  1113 | D:2      | Reached skill level 1 in Throwing
  1113 | D:2      | Reached skill level 1 in Stealth
  1113 | D:2      | Reached skill level 1 in Shields
  1113 | D:2      | Reached skill level 1 in Unarmed Combat
  1113 | D:2      | Reached skill level 1 in Evocations
  1113 | D:2      | Reached XP level 4. HP: 26/38 MP: 11/11
  1379 | D:3      | Found an opulent altar of Gozag.
  1549 | D:3      | Reached skill level 1 in Conjurations
  1549 | D:3      | Reached skill level 1 in Hexes
  1549 | D:3      | Reached skill level 1 in Summonings
  1549 | D:3      | Reached skill level 1 in Necromancy
  1549 | D:3      | Reached skill level 1 in Translocations
  1549 | D:3      | Reached skill level 1 in Transmutations
  1549 | D:3      | Reached skill level 1 in Fire Magic
  1549 | D:3      | Reached skill level 1 in Ice Magic
  1549 | D:3      | Reached skill level 1 in Air Magic
  1549 | D:3      | Reached skill level 1 in Earth Magic
  1549 | D:3      | Reached skill level 1 in Poison Magic
  1575 | D:3      | Learned a level 3 spell: Regeneration
  1578 | D:3      | Learned a level 2 spell: Shroud of Golubria
  1666 | D:3      | Reached XP level 5. HP: 13/43 MP: 12/12
  2063 | D:3      | Noticed Ijyb
  2077 | D:3      | Splashed by Ijyb's acid

Vault maps used:
D:1:      lordsloth_arrival_two_stooges
D:2:      small_statue_intersection
D:3:      grunt_gozag_statues, uniq_ijyb, uniq_crazy_yiuf_cottage, uniq_jessica

Skill      XL: |  1  2  3  4  5 |
---------------+----------------+-----
Spellcasting   | 5 |  5.2
Invocations    | 1 |  1.7
Short Blades   | 1 |  1.5
Long Blades    | 1 |  1.5
Maces & Flails | 1 |  1.5
Polearms       | 1 |  1.5
Staves         | 1 |  1.5
Slings         | 1 |  1.5
Bows           | 1 |  1.5
Crossbows      | 1 |  1.5
Throwing       | 1 |  1.5
Stealth        | 1 |  1.5
Shields        | 1 |  1.5
Unarmed Combat | 1 |  1.5
Evocations     | 1 |  1.5
Conjurations   | 1 |  1.2
Hexes          | 1 |  1.2
Summonings     | 1 |  1.2
Necromancy     | 1 |  1.2
Translocations | 1 |  1.2
Transmutations | 1 |  1.2
Fire Magic     | 1 |  1.2
Ice Magic      | 1 |  1.2
Air Magic      | 1 |  1.2
Earth Magic    | 1 |  1.2
Poison Magic   | 1 |  1.2
Armour         | 3 |  3.0
Fighting       | |  4.8
Axes           | |  4.8
Dodging        | |  4.8
Charms         | |  5.5

Action                   |  1- 3 |  4- 6 || total
-------------------------+-------+-------++-------
Melee: Hand axe          |    95 |    91 ||   186
       Bite              |     7 |     6 ||    13
       Punch             |     1 |       ||     1
  Use: Potion            |       |     5 ||     5
       Scroll            |       |     3 ||     3
 Stab: Sleeping          |     2 |       ||     2
  Eat: Chunk             |       |     2 ||     2
Armor: Leather armour    |    26 |     6 ||    32
       Chain mail        |       |    35 ||    35
Dodge: Dodged            |    58 |    41 ||    99

Table legend:
 A = Spawn XP
 B = Non-spawn XP
 C = Spawn XP percentage of total XP
 D = Spawn monster count
 E = Non-spawn monster count
 F = Spawn count percentage of total count
 G = Total turns spent on level
                    A         B        C        D         E        F      G
               +---------+---------+-------+---------+---------+-------+---------
         Total |       0 |     270 |   0.0 |       0 |      45 |   0.0 |  2077
               +---------+---------+-------+---------+---------+-------+---------
           D:1 |       0 |      19 |   0.0 |       0 |      12 |   0.0 |   330
           D:2 |       0 |      64 |   0.0 |       0 |      17 |   0.0 |  1036
           D:3 |       0 |     187 |   0.0 |       0 |      16 |   0.0 |   711
               +---------+---------+-------+---------+---------+-------+---------
